 Dungeon Crawl Stone Soup version 0.28.0-43-g3370ac3207 (webtiles) character file.

Game seed: 356887877432716880

5685 Renzlar the Blocker (level 10, 0/82 HPs)
             Began as a Gnoll Fighter on Mar 20, 2022.
             Was a Priest of Okawaru.
             Slain by a torpor snail (15 damage)
             ... on level 1 of the Lair of Beasts.
             The game lasted 00:32:42 (10454 turns).

Renzlar the Blocker (Gnoll Fighter)                Turns: 10454, Time: 00:32:42

Health: 0/82       AC: 19    Str: 19    XL:     10   Next: 75%
Magic:  18/18      EV: 11    Int:  9    God:    Okawaru [***...]
Gold:   389        SH:  7    Dex: 11    Spells: 20/20 levels left

rFire   . . .      SeeInvis .   a - +0 war axe (flame)
rCold   . . .      Faith    .   z - +0 buckler
rNeg    . . .      Spirit   .   q - +0 chain mail
rPois   +          Reflect  .   (no helmet)
rElec   .          Harm     .   o - +0 cloak
rCorr   .          Rampage  .   e - +2 pair of gloves
Will    .....                   t - +0 pair of boots
Stlth   +.........              (no amulet)
HPRegen 0.23/turn               n - ring of poison resistance
MPRegen 0.16/turn               (no ring)

@: heroic, slowed, very slow
A: fangs 1, strong nose, distributed training
a: Renounce Religion, Heroism


You were on level 1 of the Lair of Beasts.
You worshipped Okawaru.
Okawaru was most pleased with you.
You visited 3 branches of the dungeon, and saw 10 of its levels.
You also visited: Ossuary.

You collected 700 gold pieces.
You spent 311 gold pieces at shops.

Inventory:

Hand Weapons
 a - a +0 war axe of flaming (weapon)
 c - a +0 hunting sling of freezing
 d - a +4 hand crossbow of flaming
 k - a +2 dagger of venom
 v - a +4 morningstar of freezing
Missiles
 f - 199 stones (quivered)
 g - 128 bolts
 j - 10 poisoned darts
 p - 84 sling bullets
 u - a throwing net
Armour
 b - a +0 scale mail
 e - a +2 pair of gloves (worn)
 o - a +0 cloak (worn)
 q - a +0 chain mail (worn)
 t - a +0 pair of boots (worn)
 z - a +0 buckler (worn)
Jewellery
 l - an amulet of magic regeneration
 n - a ring of poison resistance (left hand)
 s - a ring of magical power
Wands
 w - a wand of iceblast (13)
 y - a wand of mindburst (3)
 C - a wand of paralysis (10)
Scrolls
 m - 2 scrolls of magic mapping
 A - 4 scrolls of teleportation
Potions
 h - 4 potions of heal wounds
 i - a potion of mutation
 r - 8 potions of curing
 x - a potion of cancellation
 B - 3 potions of might
 D - 3 potions of magic
 F - a potion of haste
 G - a potion of lignification
 H - a potion of flight
 I - a potion of invisibility


   Skills:
 + Level 8.7(13.7) Fighting
 + Level 5.5(10.5) Short Blades
 + Level 5.5(10.5) Long Blades
 + Level 7.3(12.3) Axes
 + Level 5.5(10.5) Maces & Flails
 + Level 5.5(10.5) Polearms
 + Level 5.5(10.5) Staves
 + Level 5.5(10.5) Slings
 + Level 5.5(10.5) Bows
 + Level 5.5(10.5) Crossbows
 + Level 5.5(10.5) Throwing
 + Level 8.7(13.7) Armour
 + Level 5.5(10.5) Dodging
 + Level 5.5(10.5) Stealth
 + Level 8.7(13.7) Shields
 + Level 5.5(10.5) Unarmed Combat
 + Level 5.5 Spellcasting
 + Level 4.6 Conjurations
 + Level 4.6 Hexes
 + Level 4.6 Summonings
 + Level 4.6 Necromancy
 + Level 4.6 Translocations
 + Level 4.6 Transmutations
 + Level 4.6 Fire Magic
 + Level 4.6 Ice Magic
 + Level 4.6 Air Magic
 + Level 4.6 Earth Magic
 + Level 4.6 Poison Magic
 + Level 6.1 Invocations
 + Level 5.5 Evocations


You had 20 spell levels left.
You didn't know any spells.
Your spell library contained the following spells:

 Spells                   Type           Power      Damage    Failure   Level
 Magic Dart               Conj           40%        1d5       26%         1
 Ensorcelled Hibernation  Hex/Ice        20%        N/A       36%         2
 Passwall                 Tmut/Erth      8%         N/A       36%         2
 Mephitic Cloud           Conj/Pois/Air  10%        N/A       58%         3
 Ozocubu's Armour         Ice            10%        N/A       58%         3
 Swiftness                Air            10%        N/A       58%         3
 Metabolic Englaciation   Hex/Ice        5%         N/A       100%        5
 Call Imp                 Summ           Unusable   N/A       N/A         2
 Simulacrum               Ice/Necr       Unusable   N/A       N/A         6

Dungeon Overview and Level Annotations

Branches:
Dungeon (8/15)             Temple (1/1) D:6            Lair (1/6) D:8
Ossuary (visited)

Altars:
Ashenzari
Cheibriados
Dithmenos
Elyvilon
Gozag
Hepliaklqana
Kikubaaqudgha
Makhleb
Nemelex Xobeh
Okawaru
Ru
Trog
Wu Jian
Zin
The Shining One

Shops:
D:3 (


Innate Abilities, Weirdness & Mutations

You have very sharp teeth.
Your uncanny sense of smell can sniff out nearby items.
Your experience applies equally to all skills.


Message History

You block the hell rat's attack.
You slash the hell rat! You burn the hell rat.
You kill the hell rat!
Okawaru accepts your kill.
You hit the torpor snail but do no damage.
You block the torpor snail's attack. The cane toad closely misses you.
Your life force feels restored.
Unknown command.
You hit the cane toad. You burn the cane toad. Your bite misses the cane toad.
The cane toad is heavily wounded.
You hit the torpor snail but do no damage.
The cane toad closely misses you. The torpor snail closely misses you.
The cane toad stings you but does no damage.
You barely miss the cane toad.
The cane toad is heavily wounded.
You hit the torpor snail but do no damage.
The cane toad stings you.
* * * LOW HITPOINT WARNING * * *
The torpor snail bites you but does no damage.
The cane toad closely misses you.
You slash the cane toad! You burn the cane toad!
You kill the cane toad!
Okawaru is honoured by your kill. Okawaru grants you ammunition!
Something appears at your feet!
You hit the torpor snail but do no damage.
The torpor snail misses you.
Unknown command.
You hit the hell rat. You burn the hell rat.
The hell rat is moderately wounded.
You hit the torpor snail. You burn the torpor snail. The hell rat misses you.
The torpor snail bites you.
* * * LOW HITPOINT WARNING * * *
The hell rat bites you but does no damage.
Unknown command.
You slash the torpor snail! You burn the torpor snail.
The torpor snail is severely wounded.
You hit the hell rat but do no damage. The hell rat barely misses you.
The torpor snail bites you!
You die...

...... ######. ....
∆ ..... ..... ....
..... ##.####..
......
≈.....(.#.#.......
###(##r.......
#...wrrr.....##
####...@##.......#
#........##......#
....#............#
#..##.....P......#
... #..###.....<.#
.. #..####......#
..............#
..>............##.#
....................


You could see a torpor snail and 4 hell rats.

Vanquished Creatures
  A two-headed ogre (D:8)
  Pikel (D:6)
  A cane toad (Lair:1)
  A komodo dragon (D:8)
  5 yaks (D:7)
  A steam dragon (D:8)
  A sky beast (D:4)
  3 orc warriors
  A black bear (D:4)
  2 ice beasts
  2 necrophages
  2 ogres (D:7)
  3 centaurs
  A phantom (D:6)
  A gnoll sergeant (D:8)
  A scorpion (D:4)
  A wyvern zombie (D:8)
  6 killer bees (D:8)
  8 wights (D:6)
  An electric eel (D:7)
  2 hounds
  8 orc priests
  A centaur skeleton (D:6)
  2 jellies (D:5)
  2 bullfrog skeletons
  A hell rat (Lair:1)
  3 iguanas
  4 orc wizards
  A hound skeleton (D:4)
  8 mummies (Ossuary)
  A howler monkey zombie (D:7)
  10 gnolls
  6 adders
  2 shadow imps
  6 white imps
  4 ufetubi
  A worm (D:4)
  6 dart slugs
  22 orcs
  14 ball pythons
  5 bats
  9 endoplasms
  4 giant cockroaches
  6 gnoll zombies (Ossuary)
  8 goblins
  11 hobgoblins
  5 jackals
  3 quokkas
  8 frilled lizards
  A hobgoblin zombie (Ossuary)
  7 kobolds
  A kobold zombie (Ossuary)
  5 rats
220 creatures vanquished.

Vanquished Creatures (others)
  8 fungi
  3 plants (D:8)
11 creatures vanquished.

Grand Total: 231 creatures vanquished

Notes
Turn   | Place    | Note
-------+----------+-------------------------------------------
     0 | D:1      | Renzlar the Gnoll Fighter began the quest for the Orb.
     0 | D:1      | Reached XP level 1. HP: 23/23 MP: 1/1
   135 | D:1      | Reached XP level 2. HP: 29/29 MP: 2/2
   355 | D:1      | Reached XP level 3. HP: 22/35 MP: 3/3
   639 | D:1      | Found a sacrificial altar of Ru.
  1106 | D:2      | Reached skill level 1 in Invocations
  1346 | D:2      | You fall into a shaft and drop 1 floor!
  1416 | D:3      | Reached skill level 1 in Short Blades
  1416 | D:3      | Reached skill level 1 in Long Blades
  1416 | D:3      | Reached skill level 1 in Maces & Flails
  1416 | D:3      | Reached skill level 1 in Polearms
  1416 | D:3      | Reached skill level 1 in Staves
  1416 | D:3      | Reached skill level 1 in Slings
  1416 | D:3      | Reached skill level 1 in Bows
  1416 | D:3      | Reached skill level 1 in Crossbows
  1416 | D:3      | Reached skill level 1 in Throwing
  1416 | D:3      | Reached skill level 1 in Dodging
  1416 | D:3      | Reached skill level 1 in Stealth
  1416 | D:3      | Reached skill level 1 in Unarmed Combat
  1416 | D:3      | Reached skill level 1 in Spellcasting
  1416 | D:3      | Reached skill level 1 in Evocations
  1487 | D:3      | Reached XP level 4. HP: 38/41 MP: 5/5
  1539 | D:2      | Found a faded altar of an unknown god.
  2318 | D:3      | Found Befiluba's Weapon Boutique.
  2452 | D:3      | Reached skill level 1 in Conjurations
  2452 | D:3      | Reached skill level 1 in Hexes
  2452 | D:3      | Reached skill level 1 in Summonings
  2452 | D:3      | Reached skill level 1 in Necromancy
  2452 | D:3      | Reached skill level 1 in Translocations
  2452 | D:3      | Reached skill level 1 in Transmutations
  2452 | D:3      | Reached skill level 1 in Fire Magic
  2452 | D:3      | Reached skill level 1 in Ice Magic
  2452 | D:3      | Reached skill level 1 in Air Magic
  2452 | D:3      | Reached skill level 1 in Earth Magic
  2452 | D:3      | Reached skill level 1 in Poison Magic
  2878 | D:4      | Reached XP level 5. HP: 46/47 MP: 6/6
  3178 | D:4      | Noticed a sky beast
  3194 | D:4      | Killed a sky beast
  3195 | D:4      | Reached XP level 6. HP: 45/53 MP: 8/8
  3199 | D:4      | Reached skill level 5 in Axes
  3378 | D:4      | Noticed a necrophage
  3390 | D:4      | Killed a necrophage
  3535 | D:4      | Reached XP level 7. HP: 48/59 MP: 10/10
  4416 | D:5      | Entered Level 5 of the Dungeon
  4945 | D:5      | Reached XP level 8. HP: 67/67 MP: 12/12
  5501 | D:6      | Noticed Pikel
  5516 | D:6      | Killed Pikel
  5533 | D:6      | Found an opulent altar of Gozag.
  5568 | D:6      | Found a staircase to the Ecumenical Temple.
  5577 | Temple   | Entered the Ecumenical Temple
  5605 | Temple   | Became a worshipper of Warmaster Okawaru
  6432 | D:3      | Bought a +4 hand crossbow of flaming for 311 gold pieces
  6658 | D:6      | Reached XP level 9. HP: 71/72 MP: 14/14
  7390 | D:7      | Reached * piety under Okawaru
  7406 | D:7      | Found a sand-covered staircase.
  7410 | Ossuary  | Entered an ossuary
  7844 | D:7      | Reached skill level 5 in Invocations
  7858 | D:7      | Reached ** piety under Okawaru
  8278 | D:7      | Reached XP level 10. HP: 63/80 MP: 17/17
  8930 | D:8      | Reached skill level 5 in Short Blades
  8930 | D:8      | Reached skill level 5 in Long Blades
  8930 | D:8      | Reached skill level 5 in Maces & Flails
  8930 | D:8      | Reached skill level 5 in Polearms
  8930 | D:8      | Reached skill level 5 in Staves
  8930 | D:8      | Reached skill level 5 in Slings
  8930 | D:8      | Reached skill level 5 in Bows
  8930 | D:8      | Reached skill level 5 in Crossbows
  8930 | D:8      | Reached skill level 5 in Throwing
  8930 | D:8      | Reached skill level 5 in Dodging
  8930 | D:8      | Reached skill level 5 in Stealth
  8930 | D:8      | Reached skill level 5 in Unarmed Combat
  8930 | D:8      | Reached skill level 5 in Spellcasting
  8930 | D:8      | Reached skill level 5 in Evocations
  9222 | D:8      | Noticed a two-headed ogre
  9237 | D:8      | Killed a two-headed ogre
  9919 | D:8      | Found a staircase to the Lair.
  9936 | D:8      | Reached *** piety under Okawaru
 10417 | Lair:1   | Entered Level 1 of the Lair of Beasts
 10432 | Lair:1   | Noticed a torpor snail
 10436 | Lair:1   | Noticed a cane toad
 10452 | Lair:1   | Killed a cane toad
 10452 | Lair:1   | Received a gift from Okawaru
 10454 | Lair:1   | Slain by a torpor snail

Illustrated notes

Levels and vault maps discovered:
D:1:      dpeg_arrival_simpleton_b, layout_loops_ring, nrook_campfire,
          grunt_decor_cap, kennysheep_flooded_box
D:2:      layout_loops_corners, nicolae_ecumenical_lake_church
D:3:      layout_rooms, serial_rivers, chequers_serial_rivers_micro_a,
          chequers_serial_rivers_room_a, chequers_serial_rivers_large_b,
          chequers_serial_rivers_micro_c, chequers_serial_rivers_small_3,
          chequers_serial_rivers_small_a, serial_shops,
          nicolae_shop_advertising_works [nicolae_subvault_shop_adworks],
          minmay_box_of_dots
D:4:      minmay_thinvault, layout_loops_ring, minmay_quadrilaterals
D:5:      layout_loops_cross, serial_aquarium, aquarium_bridge_island_small
          [aquarium_subvault_small_water, aquarium_subvault_bridge,
          aquarium_subvault_balcony, aquarium_subvault_bridge,
          aquarium_subvault_window], aquarium_window_fake, aquarium_window_fake,
          aquarium_view_2a
D:6:      layout_basic, grunt_gozag_statues, minmay_temple_entry_arrows,
          roderic_lattice_a, uniq_pikel
D:7:      layout_rooms, lightli_ossuary_entry_decrepit_ruins,
          minmay_fountain_box, lightli_minifort
D:8:      layout_basic, david_lair_shrubbed, interstate_on_off
Temple:   regret_index_temple_sigil_plot
Lair:1:   layout_regular_city, kennysheep_snail_temple, lemuel_fruit_fields

Skill      XL: |  1  2  3  4  5  6  7  8  9 10 |
---------------+-------------------------------+-----
Invocations    | 1 2 3 4 5 6 |  6.1
Short Blades   | 1 2 3 4 5 |  5.5
Long Blades    | 1 2 3 4 5 |  5.5
Maces & Flails | 1 2 3 4 5 |  5.5
Polearms       | 1 2 3 4 5 |  5.5
Staves         | 1 2 3 4 5 |  5.5
Slings         | 1 2 3 4 5 |  5.5
Bows           | 1 2 3 4 5 |  5.5
Crossbows      | 1 2 3 4 5 |  5.5
Throwing       | 1 2 3 4 5 |  5.5
Dodging        | 1 2 3 4 5 |  5.5
Stealth        | 1 2 3 4 5 |  5.5
Unarmed Combat | 1 2 3 4 5 |  5.5
Spellcasting   | 1 2 3 4 5 |  5.5
Evocations     | 1 2 3 4 5 |  5.5
Conjurations   | 1 2 3 4 |  4.6
Hexes          | 1 2 3 4 |  4.6
Summonings     | 1 2 3 4 |  4.6
Necromancy     | 1 2 3 4 |  4.6
Translocations | 1 2 3 4 |  4.6
Transmutations | 1 2 3 4 |  4.6
Fire Magic     | 1 2 3 4 |  4.6
Ice Magic      | 1 2 3 4 |  4.6
Air Magic      | 1 2 3 4 |  4.6
Earth Magic    | 1 2 3 4 |  4.6
Poison Magic   | 1 2 3 4 |  4.6
Axes           | 5 6 7 |  7.3
Fighting       | 7 8 |  8.7
Armour         | 7 8 |  8.7
Shields        | 7 8 |  8.7

Action                   |  1- 3 |  4- 6 |  7- 9 | 10-12 || total
-------------------------+-------+-------+-------+-------++-------
Melee: War axe           |   107 |   130 |   210 |    73 ||   520
       Bite              |     8 |    12 |    31 |    14 ||    65
       Morningstar       |       |       |    52 |    32 ||    84
 Fire: Hunting sling     |       |       |   129 |    23 ||   152
       Hand crossbow     |       |       |    19 |    53 ||    72
Throw: Stone             |    13 |    62 |    13 |       ||    88
       Dart              |       |     5 |       |       ||     5
Invok: Heroism           |       |       |       |     2 ||     2
  Use: Scroll            |     3 |     4 |    14 |     2 ||    23
       Potion            |       |       |     1 |     1 ||     2
Armor: Scale mail        |    39 |    12 |       |       ||    51
       Chain mail        |       |    68 |   159 |    70 ||   297
Dodge: Dodged            |    44 |    36 |    97 |    59 ||   236
Block: Buckler           |    21 |    29 |    87 |    46 ||   183
